 Dungeon Crawl Stone Soup version 0.30-a0-46-g5a63ccc183 (webtiles) character file.

Game seed: 3781985620044249460

595784 jfcaron the Shatterer (level 27, -8/226 HPs)
             Began as a Formicid Monk on Aug 26, 2022.
             Was the Champion of Dithmenos.
             Mangled by a rockslime (21 damage)
             ... created by the Royal Jelly
             ... on level 5 of the Pits of Slime on Sept 2, 2022.
             The game lasted 04:47:03 (80358 turns).

jfcaron the Shatterer (Formicid Monk)              Turns: 80358, Time: 04:47:04

Health: -8/226     AC: 43    Str: 26    XL:     27
Magic:  0/40       EV:  8    Int: 14    God:    Dithmenos [******]
Gold:   6065       SH: 38    Dex: 14    Spells: 7/36 levels left

rFire   + + +      SeeInvis +    a - +6 great mace of Uskayaw's Whim {spect, rElec}
rCold   + + +      Faith    .    b - +8 tower shield {rC+ rF+}
rNeg    . . .      Spirit   +    p - +12 gold dragon scales
rPois   +          Reflect  .    (helmet unavailable)
rElec   +          Harm     .    M - +1 cloak {Will+}
rCorr   +          Rampage  .    A - +2 pair of gloves {Stlth+}
Will    ++++.                    K - +0 pair of boots of Sif Muna's Approval {+Inv Regen+ Dex-2}
Stlth   +++++.....               v - brooch of Shielding {Spirit SH+8}
HPRegen 1.27/turn                Z - ring of the Kraken {rF+ MP+9 Slay+3}
MPRegen 0.27/turn                W - ring of Trepidation {rC+ Will+ rCorr Stlth+}

@: mighty, wreathed by umbra, studying 4 skills
A: permanent stasis, dig shafts and tunnels, antennae 3, four strong arms, fire
resistance 1
}: 3/15 runes: serpentine, barnacled, silver
a: Dig, Shaft Self, Renounce Religion, Evoke Invisibility, Shadow Step, Shadow
Form


You were on level 5 of the Pits of Slime.
You worshipped Dithmenos.
Dithmenos was exalted by your worship.
You visited 11 branches of the dungeon, and saw 51 of its levels.
You visited 2 bazaars.
You also visited: Trove, Sewer, Ossuary, Wizlab and Desolation.

You collected 10226 gold pieces.
You spent 4161 gold pieces at shops.

Inventory:

Hand Weapons
 a - the +6 great mace of Uskayaw's Whim (weapon) {spect, rElec}
   (You took it off an ogre on level 8 of the Dungeon)

   When its wielder attacks, the weapon's spirit leaps out and strikes again.
   The spirit shares a part of any damage it takes with its wielder.
   rElec:     It insulates you from electricity.
Missiles
 h - 8 datura-tipped darts
 k - 6 throwing nets {!f}
 C - 34 boomerangs
 E - 16 curare-tipped darts {!f}
 G - 11 javelins
 H - 6 boomerangs of dispersal
 J - 4 atropa-tipped darts
 U - 14 silver javelins {!f}
 Y - 4 silver boomerangs
Armour
 b - a +8 tower shield of resistance (worn)
 p - +12 gold dragon scales (worn)
 A - a +2 pair of gloves of stealth (worn)
 K - the +0 pair of boots of Sif Muna's Approval (worn) {+Inv Regen+ Dex-2}
   (You bought it in a shop on level 3 of the Depths)

   Dex:       It affects your dexterity (-2).
   +Inv:      It lets you turn invisible.
   Regen:     It increases your rate of health regeneration.
 M - a +1 cloak of willpower (worn)
Jewellery
 v - the brooch of Shielding (around neck) {Spirit SH+8}
   (You took it off a merfolk on level 4 of the Shoals)

   [amulet of guardian spirit]

   It causes incoming damage to be divided between your reserves of health and
   magic.
   SH:        It affects your SH (+8).
 z - the ring of Balance {rElec rPois rN+}
   (You found it on level 3 of the Crypt)

   [ring of positive energy]

   rElec:     It insulates you from electricity.
   rPois:     It protects you from poison.
   rN:        It protects you from negative energy.
 W - the ring of Trepidation (right hand) {rC+ Will+ rCorr Stlth+}
   (You bought it in a shop on level 5 of the Dungeon)

   [ring of willpower]

   rC:        It protects you from cold.
   rCorr:     It protects you from acid and corrosion.
   Will:      It increases your willpower.
   Stlth:     It makes you more stealthy.
 Z - the ring of the Kraken (left hand) {rF+ MP+9 Slay+3}
   (You bought it in a shop on level 5 of the Dungeon)

   [ring of magical power]

   Slay:      It affects your accuracy & damage with ranged weapons and melee
   (+3).
   rF:        It protects you from fire.
   MP:        It affects your magic capacity (+9).
Wands
 e - a wand of polymorph (17)
 g - a wand of light (32)
 o - a wand of charming (68)
 q - a wand of digging (17)
 s - a wand of flame (47)
 D - a wand of mindburst (21)
 I - a wand of iceblast (46)
Scrolls
 d - a scroll of silence
 f - a scroll of summoning
 i - 5 scrolls of torment
 m - 15 scrolls of fear
 n - 7 scrolls of vulnerability
 t - 10 scrolls of magic mapping
 x - a scroll of immolation
 L - 6 scrolls of butterflies
 T - 8 scrolls of poison
Potions
 c - 3 potions of ambrosia
 j - 10 potions of lignification
 l - 15 potions of attraction
 r - 33 potions of curing
 u - 5 potions of might
 B - 18 potions of heal wounds
 F - 5 potions of magic
 O - 16 potions of flight
 P - 8 potions of invisibility
 Q - 9 potions of cancellation
 R - 10 potions of mutation
 S - 5 potions of resistance
Miscellaneous
 w - a phial of floods
 y - a condenser vane (inert)
 N - a lightning rod (4/4)
 V - a box of beasts
 X - a phantom mirror (inert)


   Skills:
 + Level 20.4 Fighting
 + Level 22.5 Maces & Flails
 + Level 6.3 Throwing
 + Level 20.4 Armour
 + Level 6.2 Dodging
 - Level 22.0 Stealth
 + Level 22.4 Shields
 - Level 5.0 Spellcasting
 - Level 16.3 Hexes
 - Level 15.8 Necromancy
 - Level 18.3 Transmutations
 - Level 20.0 Earth Magic
 + Level 11.9 Invocations
 + Level 9.2 Evocations


You had 7 spell levels left.
You knew the following spells:

 Your Spells              Type           Power      Damage    Failure   Level
a - Wereblood             Tmut           53%        N/A       1%          2
b - Passwall              Tmut/Erth      45%        N/A       1%          2
c - Ignite Poison         Fire/Tmut/Pois 20%        N/A       63%         3
d - Tukima's Dance        Hex            49%        N/A       1%          3
e - Yara's Violent Unrav  Hex/Tmut       25%        3d11      8%          5
f - Leda's Liquefaction   Hex/Erth       26%        N/A       1%          4
g - Borgnjor's Vile Clut  Necr/Erth      26%        N/A       6%          5
h - Lee's Rapid Deconstr  Erth           28%        3d16*     2%          5

Your spell library contained the following spells:

 Spells                   Type           Power      Damage    Failure   Level
 Necrotise                Necr           100%       1d9       1%          1
 Slow                     Hex            100%       N/A       1%          1
 Sublimation of Blood     Necr           47%        N/A       1%          2
 Confusing Touch          Hex            49%        N/A       1%          3
 Vampiric Draining        Necr           47%        2d9       1%          3
 Petrify                  Tmut/Erth      55%        N/A       1%          4
 Anguish                  Hex/Necr       24%        N/A       4%          4
 Animate Dead             Necr           47%        N/A       4%          4
 Dispel Undead            Necr           47%        3d18      4%          4
 Blade Hands              Tmut           26%        N/A       4%          5
 Sting                    Tmut/Pois      100%       1d8       8%          1
 Agony                    Necr           47%        N/A       14%         5
 Stone Arrow              Conj/Erth      62%        3d10      16%         3
 Ensorcelled Hibernation  Hex/Ice        52%        N/A       19%         2
 Statue Form              Tmut/Erth      36%        N/A       19%         6
 Spider Form              Tmut/Pois      29%        N/A       22%         3
 Dazzling Flash           Conj/Hex       52%        N/A       34%         3
 Inner Flame              Hex/Fire       26%        N/A       34%         3
 Portal Projectile        Hex/Tloc       52%        N/A       34%         3
 Animate Armour           Summ/Erth      62%        N/A       47%         4
 Ice Form                 Ice/Tmut       29%        N/A       58%         4
 Death Channel            Necr           23%        N/A       58%         6
 Fulminant Prism          Conj/Hex       13%        3d9       75%         4
 Dragon Form              Tmut           26%        N/A       83%         7
 Alistair's Intoxication  Tmut/Pois      19%        N/A       91%         5
 Foxfire                  Conj/Fire      12%        2x1d4     97%         1
 Magic Dart               Conj           12%        1d3       97%         1
 Metabolic Englaciation   Hex/Ice        13%        N/A       97%         5
 Silence                  Hex/Air        13%        N/A       97%         5
 Summon Mana Viper        Hex/Summ       26%        N/A       97%         5
 Corpse Rot               Necr/Pois/Air  18%        N/A       98%         4
 Enfeeble                 Hex            24%        N/A       98%         7
 Call Imp                 Summ           3%         N/A       99%         2
 Poisonous Vapours        Pois/Air       6%         N/A       99%         2
 Scorch                   Fire           6%         2d5       99%         2
 Searing Ray              Conj           6%         2d4       99%         2
 Static Discharge         Conj/Air       6%         3-4/arc   99%         2
 Call Canine Familiar     Summ           3%         N/A       100%        3
 Conjure Flame            Conj/Fire      3%         6-21      100%        3
 Frozen Ramparts          Ice            6%         1d1       100%        3
 Gell's Gravitas          Tloc           3%         N/A       100%        3
 Lesser Beckoning         Tloc           3%         N/A       100%        3
 Mephitic Cloud           Conj/Pois/Air  3%         N/A       100%        3
 Ozocubu's Armour         Ice            3%         N/A       100%        3
 Teleport Other           Tloc           3%         N/A       100%        3
 Airstrike                Air            1%         2d(1-17)  100%        4
 Flame Wave               Conj/Fire      3%         2d5       100%        4
 Hailstorm                Conj/Ice       3%         3d3       100%        4
 Iskenderun's Mystic Bla  Conj/Tloc      3%         2d3       100%        4
 Olgreb's Toxic Radiance  Pois           3%         N/A       100%        4
 Passage of Golubria      Tloc           3%         N/A       100%        4
 Sticky Flame             Conj/Fire      3%         2d3       100%        4
 Summon Ice Beast         Ice/Summ       3%         N/A       100%        4
 Summon Lightning Spire   Summ/Air       3%         N/A       100%        4
 Fireball                 Conj/Fire      1%         3d3       100%        5
 Freezing Cloud           Conj/Ice/Air   1%         6-21      100%        5
 Iskenderun's Battlesphe  Conj           3%         2d6       100%        5
 Lightning Bolt           Conj/Air       1%         1d12      100%        5
 Summon Forest            Summ/Tloc      1%         N/A       100%        5
 Conjure Ball Lightning   Conj/Air       1%         3x3d6     100%        6
 Dispersal                Tloc           1%         N/A       100%        6
 Eringya's Noxious Bog    Tmut/Pois      14%        N/A       100%        6
 Iron Shot                Conj/Erth      15%        9d4       100%        6
 Simulacrum               Ice/Necr       12%        N/A       100%        6
 Summon Cactus Giant      Summ           1%         N/A       100%        6
 Haunt                    Necr/Summ      12%        N/A       100%        7
 Malign Gateway           Summ/Tloc      1%         N/A       100%        7
 Orb of Destruction       Conj           1%         9d5       100%        7
 Ozocubu's Refrigeration  Ice            1%         4d7       100%        7
 Storm Form               Tmut/Air       14%        N/A       100%        7
 Summon Hydra             Summ           1%         N/A       100%        7
 Borgnjor's Revivificati  Necr           23%        N/A       100%        8
 Discord                  Hex            24%        N/A       100%        8
 Disjunction              Tloc           1%         N/A       100%        8
 Maxwell's Capacitive Co  Air            1%         ∞         100%        8
 Necromutation            Tmut/Necr      25%        N/A       100%        8
 Summon Horrible Things   Summ           1%         N/A       100%        8
 Chain Lightning          Conj/Air       1%         3d2       100%        9
 Fire Storm               Conj/Fire      1%         8d1       100%        9
 Shatter                  Erth           28%        3d23*     100%        9
 Swiftness                Air            Unusable   N/A       N/A         3

Dungeon Overview and Level Annotations

Branches:
Dungeon (15/15)            Temple (1/1) D:5            Lair (5/5) D:8
 Shoals (4/4) Lair:2        Snake (4/4) Lair:3        Slime (5/5) Lair:5
    Orc (2/2) D:9             Elf (3/3) Orc:2        Vaults (5/5) D:13
  Crypt (3/3) Vaults:3       Tomb (0/3) Crypt:3      Depths (4/4) D:15
    Zot (0/5) Depths:4      Sewer (visited)         Ossuary (visited)
 WizLab (visited)         Desolation (visited)

Altars:
Ashenzari
Cheibriados
Dithmenos
Elyvilon
Fedhas
Gozag
Hepliaklqana
Kikubaaqudgha
Makhleb
Nemelex Xobeh
Okawaru
Qazlal
Ru
Sif Muna
Trog
Uskayaw
Vehumet
Wu Jian
Xom
Yredelemnul
Zin
The Shining One
Jiyva
Lugonu

Shops:
D:4 (   D:5 =   D:9 *(:(*   D:12 ?   D:13 ([?   Orc:1 [   Orc:2 !**?   Elf:2 (
Shoals:1 *   Shoals:3 !   Snake:3 ::=   Vaults:1 :   Vaults:2 ?   Vaults:5 (
Depths:3 *

Portals:
Hell: Depths:1 Depths:2 Depths:3 Depths:4
Abyss: Lair:5 Depths:3 Depths:4
Pandemonium: Depths:2 Depths:3
Ziggurat: Depths:2


Innate Abilities, Weirdness & Mutations

You cannot be hasted, slowed, berserked, paralysed or teleported.
You can dig through walls and to a lower floor.
You have a pair of large antennae on your head. (SInv)
Your four strong arms can wield two-handed weapons with a shield.
Your flesh is heat resistant. (rF+)


Message History

The rockslime jiggles.
A slime creature comes into view.
Unknown command.
The azure jelly attacks as you move away!
The azure jelly hits you but does no damage.
You block the azure jelly's attack. x3
The rockslime attacks as you move away! You block the rockslime's attack.
The rockslime is engulfed in blazing flames.
Flame seeps out of the rockslime.
You block the rockslime's attack. The rockslime attacks as you move away!
The rockslime hits you but does no damage.
An acid blob comes into view.
The azure jelly is engulfed in blazing flames.
Flame seeps out of the azure jelly.
The azure jelly is engulfed in blazing flames.
Flame seeps out of the azure jelly.
The azure jelly is engulfed in blazing flames.
Flame seeps out of the azure jelly.
The azure jelly jiggles.
The azure jelly is engulfed in blazing flames.
That felt strangely unrewarding.
The azure jelly explodes!
The fiery explosion engulfs the rockslime.
The rockslime resists.
Flame seeps out of the rockslime.
The rockslime is lightly wounded.
You block the rockslime's attack. The rockslime attacks as you move away!
You block the rockslime's attack.
The azure jelly is engulfed in blazing flames.
Unknown command.
The rockslime attacks as you move away! You block the rockslime's attack.
The rockslime attacks as you move away!
The rockslime hits you but does no damage.
The azure jelly is engulfed in blazing flames.
You block the rockslime's attack. The rockslime attacks as you move away!
You block the rockslime's attack. The rockslime hits you!!
* * * LOW HITPOINT WARNING * * *
You stumble backwards!
You block the rockslime's attack. x3; The rockslime hits you!!
You die...

{ #....................
{ #...................#
##.....J............#
#......J.J..........#
#......J.J..........##
...........JJ.........#
#...........JJJ.......#
...........JJJJ.......#
............@.........#
.....................#
...........#######.##
........#.# #
.......### .....# .....
.....


You could see 2 acid blobs, 6 azure jellies, 5 rockslimes and a quicksilver
ooze.

Vanquished Creatures
  the Royal Jelly (Slime:5)
  3 dread liches
  Mennas (Crypt:2)
  2 juggernauts (Depths:3)
  Parghit (Depths:2)
  Frederick (Depths:3)
  Bai Suzhen (Shoals:3)
  Xtahua (Vaults:3)
  7 caustic shrikes
  Nikola (Snake:4)
  Margery (Crypt:3)
  5 golden dragons
  Jory (Depths:4)
  5 tentacled monstrosities (Vaults:5)
  2 hellephants (Vaults:3)
  Jorgrun (D:13)
  8 liches
  4 acid blobs
  3 deep elf blademasters (Elf:3)
  2 quicksilver dragons (Vaults:5)
  8 deep elf master archers
  2 walking divine tomes (Depths:3)
  7 ancient champions
  3 titans
  A walking earthen tome (Depths:3)
  3 sphinxes
  4 krakens
  Polyphemus (Shoals:4)
  7 storm dragons
  Kirke (Lair:4)
  A thorn hunter (WizLab)
  5 shadow dragons
  Roxanne (Shoals:1)
  A tengu reaver (Vaults:5)
  The ghost of Boczeze the Spry, an adept SpHu of Makhleb (Vaults:2)
  Ilsuiw (Shoals:2)
  The ghost of pigah the Stormcaller, an adept OpAE of Gozag (Snake:3)
  8 fire giants
  10 nagarajas
  4 deep elf sorcerers
  An orc warlord (Vaults:1)
  5 frost giants
  4 rockslimes
  3 fenstrider witches (WizLab)
  8 azure jellies
  3 imperial myrmidons (Desolation)
  Aizul (Snake:3)
  18 vault wardens
  The ghost of Brotato the Imperceptible, an adept SpBr of Gozag (Shoals:4)
  2 caustic shrike zombies (Crypt:3)
  2 iron dragons (Depths:3)
  2 deep elf elementalists (Elf:3)
  A draconian shifter (Depths:4)
  Louise (Depths:3)
  A juggernaut zombie (Crypt:1)
  19 ironbound preservers
  4 caustic shrike skeletons
  A quicksilver ooze (shapeshifter) (D:14)
  6 ghouls
  13 stone giants
  5 vampire knights
  A war gargoyle (Vaults:5)
  7 reapers (Crypt:3)
  3 curse skulls
  A draconian stormcaller (Depths:4)
  4 quicksilver oozes
  3 juggernaut skeletons
  6 ironbound thunderhulks
  29 very ugly things
  Nessos (D:12)
  4 deep elf demonologists
  An eleionoma (WizLab)
  A minotaur (Shoals:1)
  6 deep elf annihilators (Elf:3)
  2 red draconians (Depths:4)
  24 dire elephants
  A yellow draconian (Depths:4)
  Azrael (D:14)
  9 eidola
  A spark wasp (Depths:3)
  4 merfolk javelineers
  9 deep elf death magi
  A mummy priest (Crypt:3)
  4 crystal guardians
  A quicksilver dragon zombie (Crypt:3)
  6 ettins
  9 fire dragons
  Josephine (Lair:4)
  12 yaktaur captains
  6 great orbs of eyes
  2 shambling mangroves (WizLab)
  A ragged hierophant (Desolation)
  4 merfolk impalers
  6 jiangshi (Crypt:2)
  4 ice dragons
  Harold (Lair:2)
  2 deep elf high priests (Elf:3)
  10 hydras
  2 spriggan zombies
  3 spriggan air magi
  4 salamander tyrants
  31 vault guards
  2 ogre magi
  8 boulder beetles
  A hydra (shapeshifter) (Vaults:2)
  A death knight (Crypt:2)
  8 servants of whispers (Desolation)
  10 peacekeepers
  An alligator (Shoals:3)
  4 catoblepae
  An alligator snapping turtle (Lair:3)
  A spriggan skeleton (Crypt:3)
  14 anacondas
  7 centaur warriors
  9 two-headed ogres
  8 ironbound frosthearts
  8 merfolk avatars
  31 dancing weapons
  15 naga warriors
  3 death yaks (Shoals:4)
  8 satyrs
  5 merfolk aquamancers (Shoals:4)
  6 deep troll earth magi
  9 deep troll shamans
  An alligator (shapeshifter) (Vaults:5)
  2 tengu warriors
  11 vampire magi
  A titan zombie (Crypt:3)
  9 naga sharpshooters
  2 thrashing horrors (Lair:5)
  3 spriggan berserkers
  25 deep elf knights
  6 orc high priests
  11 iron trolls
  A shock serpent (shapeshifter) (Vaults:4)
  3 shock serpents
  A sun demon (Depths:2)
  25 hell knights
  A storm dragon zombie (Depths:1)
  3 soul eaters (Crypt:3)
  A titan skeleton (Crypt:3)
  A fire crab (shapeshifter) (Elf:1)
  4 salamander mystics
  Amaemon (Lair:2)
  A fire crab (Shoals:2)
  A spark wasp zombie (Depths:1)
  2 sixfirhies (Depths:3)
  27 skeletal warriors
  A bunyip zombie (Crypt:3)
  An anaconda zombie (Crypt:3)
  14 sea snakes
  A bunyip skeleton (Crypt:3)
  6 flayed ghosts
  6 naga ritualists
  5 wizards
  62 deep trolls
  A shadow demon (Depths:3)
  20 deep elf archers
  An orange crystal statue (Crypt:2)
  3 glowing orange brains
  Pikel (D:8)
  20 harpies
  7 lindwurms
  2 bog bodies (Crypt:1)
  19 necromancers
  27 phantasmal warriors
  19 ironbound convokers
  19 deep elf zephyrmancers
  5 orc knights
  43 deep elf pyromancers
  A stone giant zombie (Depths:1)
  56 ugly things
  6 orc sorcerers (Orc:2)
  2 shining eyes (Slime:5)
  5 oklob plants
  6 mana vipers
  12 salamanders
  11 fauns
  3 large abominations (Lair:5)
  3 wolf spiders
  21 elephants
  14 manticores
  11 cyclopes
  2 stone giant skeletons
  10 vault sentinels
  43 black mambas
  Joseph (Lair:1)
  A fire giant skeleton (Vaults:3)
  14 merfolk sirens
  17 naga magi
  A titan simulacrum (Depths:1)
  13 cane toads
  A molten gargoyle (Desolation)
  An eye of devastation (shapeshifter) (Vaults:4)
  17 guardian serpents
  An orange demon (Lair:2)
  A centaur skeleton (Crypt:3)
  An elf zombie (Vaults:4)
  4 water nymphs
  3 eyes of devastation
  2 smoke demons
  An unseen horror (D:11)
  A swamp worm zombie (Crypt:2)
  An unseen horror (shapeshifter) (Elf:1)
  2 yaktaurs (shapeshifter) (Lair:5)
  13 hellwings (Crypt:3)
  2 elf skeletons
  5 rime drakes
  An efreet (D:13)
  7 freezing wraiths
  6 kobold demonologists
  12 komodo dragons
  3 ancient zymes (Lair:5)
  41 yaktaurs
  A yaktaur skeleton (Vaults:3)
  4 harpy zombies (Crypt:3)
  A guardian mummy (Crypt:3)
  A tengu conjurer (Depths:4)
  A sea snake skeleton (Crypt:2)
  A polar bear (shapeshifter) (D:15)
  2 polar bears
  4 meliai (Shoals:1)
  A red devil (Depths:3)
  26 merfolk
  10 trolls
  A fire dragon zombie (Crypt:3)
  7 hornets
  A hydra skeleton (Crypt:3)
  17 blink frogs
  A sphinx simulacrum (Depths:1)
  The ghost of MisterPants the Caller, a novice FeSu of the Shining One (D:8)
  2 jumping spider zombies (Crypt:1)
  52 saltlings (Desolation)
  A meliai (shapeshifter) (Depths:3)
  9 wind drakes
  A merfolk zombie (Crypt:3)
  77 slime creatures
  6 dream sheep (Shoals:2)
  A fire giant simulacrum (Vaults:3)
  A dream sheep (shapeshifter) (Vaults:5)
  2 deep troll zombies
  8 snapping turtles
  A centaur simulacrum (D:14)
  A stone giant simulacrum (Vaults:1)
  6 flying skulls (Crypt:1)
  5 jumping spiders
  3 air elementals (Elf:2)
  An ettin skeleton (Crypt:1)
  A vampire (Crypt:1)
  2 shadows
  8 fire elementals
  2 spriggans
  A spriggan (shapeshifter) (D:15)
  9 wyverns
  6 water elementals
  Eustachio (D:5)
  An ice dragon skeleton (Crypt:3)
  13 wraiths
  A human (shapeshifter) (D:10)
  A ynoxinul (Lair:5)
  13 humans
  69 yaks
  A redback (shapeshifter) (Depths:4)
  9 basilisks
  A yaktaur simulacrum (Vaults:1)
  3 golden eyes
  4 hogs (Lair:4)
  2 steam dragons
  2 fire bats (Shoals:2)
  4 redbacks (Crypt:3)
  3 chaos spawn (Lair:5)
  Menkaure (D:5)
  A human simulacrum (Vaults:4)
  6 vampire mosquitoes
  41 nagas
  10 wargs
  2 glowing shapeshifter zombies (Vaults:4)
  Edmund (D:5)
  10 small abominations (Lair:5)
  A floating eye (Depths:3)
  2 hell hounds (D:14)
  12 water moccasins
  A water nymph skeleton (Crypt:2)
  A tengu skeleton (Depths:1)
  3 black bears
  An ice beast (D:7)
  20 orc warriors
  A glowing shapeshifter skeleton (Depths:1)
  A sky beast (D:7)
  A swamp dragon zombie (Crypt:3)
  5 boggarts (Vaults:1)
  A floating eye zombie (Crypt:2)
  13 ogres
  9 centaurs
  2 human skeletons
  A phantom (D:6)
  A fire crab zombie (Crypt:1)
  An eye of devastation zombie (Crypt:1)
  12 kobold brigands
  13 bullfrogs
  6 necrophages
  6 scorpions
  13 earth elementals
  A glowing shapeshifter simulacrum (Vaults:4)
  7 wyvern skeletons (Crypt:3)
  10 wights (D:7)
  A killer bee (D:10)
  A wolf zombie (Crypt:2)
  13 electric eels
  5 howler monkeys
  5 hounds
  3 lava snakes (Lair:3)
  Crazy Yiuf (D:7)
  3 jellies (D:5)
  A gnoll bouda (D:7)
  12 orc priests
  4 human zombies
  An iguana (D:5)
  43 orc wizards
  A deep dwarf skeleton (Crypt:1)
  A hound zombie (Crypt:2)
  11 mummies
  3 gnolls (D:7)
  11 adders
  A swamp drake skeleton (Crypt:1)
  A shadow imp (D:8)
  5 white imps
  An ufetubus (D:6)
  7 worms
  4 dart slugs
  97 orcs
  5 bats
  9 endoplasms
  3 giant cockroaches
  A gnoll zombie (Ossuary)
  12 goblins
  7 hobgoblins
  3 jackals (D:1)
  4 quokkas
  9 ball pythons
  A ball python zombie (Crypt:2)
  8 frilled lizards
  A goblin zombie (D:8)
  2 hobgoblin zombies (Ossuary)
  A jackal zombie (D:8)
  32 kobolds
  2 kobold zombies
  5 orc zombies
  6 rats
  2 bushes
  17 fungi
  129 plants
  39 tentacles
  14 withered plants
2594 creatures vanquished.

Notes
Turn   | Place    | Note
-------+----------+-------------------------------------------
     0 | D:1      | jfcaron the Formicid Monk began the quest for the Orb.
     0 | D:1      | Reached XP level 1. HP: 18/18 MP: 1/1
   173 | D:1      | Reached XP level 2. HP: 24/24 MP: 2/2
   739 | D:1      | Reached XP level 3. HP: 30/30 MP: 3/3
  1513 | D:2      | Reached XP level 4. HP: 30/37 MP: 4/4
  1583 | D:2      | Reached skill level 1 in Armour
  1746 | D:2      | HP: 7/37 [hobgoblin/+0 club (3)]
  1753 | D:2      | HP: 5/37 [hobgoblin/+0 club (3)]
  2119 | D:2      | Found a shimmering blue altar of Sif Muna.
  2404 | D:3      | HP: 7/37 [poisoned by an orc]
  2711 | D:3      | Noticed a scorpion
  2719 | D:3      | Killed a scorpion
  2720 | D:3      | Reached XP level 5. HP: 39/43 MP: 5/5
  3001 | D:3      | Reached XP level 6. HP: 34/49 MP: 6/6
  4055 | D:4      | Found Sohiger's Weapon Shop.
  4064 | D:4      | Reached skill level 5 in Fighting
  4563 | D:5      | Entered Level 5 of the Dungeon
  4573 | D:5      | Identified 2 scrolls of acquirement
  4582 | D:5      | Acquired a +1 spectral giant spiked club
  4598 | D:5      | Reached XP level 7. HP: 56/56 MP: 7/7
  4706 | D:5      | Reached skill level 5 in Maces & Flails
  4801 | D:5      | Found a staircase to the Ecumenical Temple.
  4809 | D:5      | Noticed Menkaure
  4818 | D:5      | Killed Menkaure
  4819 | D:5      | Reached XP level 8. HP: 38/64 MP: 8/8
  4824 | Temple   | Entered the Ecumenical Temple
  5140 | Temple   | Became a worshipper of Dithmenos the Shadowed
  5140 | Temple   | Reached * piety under Dithmenos
  5140 | Temple   | Reached ** piety under Dithmenos
  5152 | D:5      | Acquired a manual of Fighting
  5217 | D:5      | Found Japtep's One-of-a-Kind Rings.
  5335 | D:5      | Noticed Edmund
  5338 | D:5      | Killed Edmund
  5562 | D:5      | Noticed Eustachio
  5841 | D:5      | Killed Eustachio
  5842 | D:5      | Reached skill level 5 in Armour
  5894 | D:6      | Found a glowing drain.
  5898 | Sewer    | Entered a sewer
  6215 | Sewer    | Reached XP level 9. HP: 47/74 MP: 9/9
  6429 | Sewer    | Reached *** piety under Dithmenos
  6529 | D:6      | Found a stormy altar of Qazlal.
  7574 | D:7      | Found a hide-covered altar of Uskayaw.
  7844 | D:7      | Reached **** piety under Dithmenos
  7989 | D:7      | Reached skill level 10 in Fighting
  7989 | D:7      | Reached XP level 10. HP: 72/85 MP: 10/10
  8201 | D:7      | Reached skill level 10 in Maces & Flails
  9053 | D:7      | Found a runed translucent door.
  9054 | D:7      | Noticed Crazy Yiuf
  9063 | D:7      | Killed Crazy Yiuf
  9158 | D:8      | Found a sand-covered staircase.
  9183 | Ossuary  | Entered an ossuary
  9382 | D:8      | Reached ***** piety under Dithmenos
  9468 | D:8      | Noticed Pikel
  9476 | D:8      | Killed Pikel
  9477 | D:8      | Reached skill level 1 in Invocations
  9622 | D:8      | Found a runed translucent door.
  9630 | D:8      | Found a basalt altar of Yredelemnul.
  9709 | D:8      | Found a staircase to the Lair.
  9821 | D:8      | Found a transporter.
  9822 | D:8      | Noticed MisterPants's ghost (novice FeSu)
  9823 | D:8      | Found a transporter.
  9824 | D:8      | Identified the +6 great mace of Uskayaw's Whim {spect,
                  | rElec}
 10027 | D:9      | Found Dypy's Antique Weapon Emporium.
 10081 | D:9      | Noticed a two-headed ogre
 10089 | D:9      | Killed a two-headed ogre
 10377 | D:9      | Reached XP level 11. HP: 95/95 MP: 13/13
 10396 | D:9      | Found Nothrof's General Store.
 10404 | D:9      | Bought a scroll of poison for 56 gold pieces
 10462 | D:9      | Found Teprarryuv's Assorted Antiques.
 10467 | D:9      | Bought a scroll labelled RAFATE JUME for 33 gold pieces
 10467 | D:9      | Bought an amethyst potion for 29 gold pieces
 10550 | D:5      | Bought the ring of Trepidation {rC+ Will+ rCorr Stlth+} for
                  | 711 gold pieces
 10629 | D:9      | Found Toesex's Self-Improvement Boutique.
 10809 | D:9      | Found a staircase to the Orcish Mines.
 11263 | D:9      | Found Pysuta's Antique Weapon Emporium.
 11334 | D:10     | Entered Level 10 of the Dungeon
 11352 | D:10     | Noticed a skeletal warrior
 11363 | D:10     | Killed a skeletal warrior
 11372 | D:10     | Noticed a skeletal warrior
 11373 | D:10     | Noticed a skeletal warrior
 11450 | Orc:1    | Entered Level 1 of the Orcish Mines
 11467 | Orc:1    | Reached skill level 5 in Invocations
 11612 | Orc:1    | Found a radiant altar of Vehumet.
 11720 | Orc:1    | Found Jeukk's Armour Boutique.
 11786 | Orc:2    | Entered Level 2 of the Orcish Mines
 11861 | Orc:1    | Noticed an orc high priest
 11868 | Orc:2    | Killed an orc high priest
 12405 | Orc:2    | Noticed an orc high priest
 12405 | Orc:2    | Noticed an orc sorcerer
 12415 | Orc:2    | Killed an orc sorcerer
 12420 | Orc:2    | Killed an orc high priest
 12421 | Orc:2    | Reached XP level 12. HP: 105/105 MP: 16/16
 12512 | Orc:2    | Found Silun's Assorted Antiques.
 12512 | Orc:2    | Found Qeickour's Distillery.
 12671 | Orc:2    | Bought a scroll labelled RAFATE JUME for 35 gold pieces
 12671 | Orc:2    | Bought a scroll labelled LIZEHO IN SUTUKKAO for 35 gold
                  | pieces
 12714 | Orc:2    | Noticed an orc high priest
 12716 | Orc:2    | Noticed a soul eater
 12753 | Orc:2    | Killed an orc high priest
 12993 | Orc:2    | Noticed an orc high priest
 13004 | Orc:2    | Killed an orc high priest
 13115 | Orc:2    | Reached ****** piety under Dithmenos
 13179 | Orc:2    | Noticed a two-headed ogre
 13183 | Orc:2    | Killed a two-headed ogre
 13200 | Orc:2    | Found a staircase to the Elven Halls.
 13436 | Orc:2    | Found Sucsiloph's Magic Scroll Emporium.
 13436 | Orc:2    | Found Kubuh's Assorted Antiques.
 13986 | D:5      | Bought the ring of the Kraken {rF+ MP+9 Slay+3} for 699
                  | gold pieces
 14247 | D:8      | Killed MisterPants's ghost
 14248 | D:8      | Reached skill level 10 in Armour
 14384 | Lair:1   | Entered Level 1 of the Lair of Beasts
 14451 | Lair:1   | Reached XP level 13. HP: 108/114 MP: 18/18
 14456 | Lair:1   | Reached skill level 15 in Fighting
 14603 | Lair:1   | Noticed a boulder beetle
 14609 | Lair:1   | Killed a boulder beetle
 15036 | Lair:1   | Found an opulent altar of Gozag.
 15166 | Lair:1   | Noticed Joseph
 15179 | Lair:1   | Killed Joseph
 15347 | Lair:1   | Noticed Sonja
 15348 | Lair:1   | Noticed Sonja
 15348 | Lair:1   | Sonja changed into Sonja the golden eye
 15350 | Lair:1   | Killed Sonja the golden eye
 15625 | Lair:1   | Noticed a four-headed hydra
 15629 | Lair:1   | Killed a four-headed hydra
 15630 | Lair:1   | Reached skill level 15 in Maces & Flails
 15836 | Lair:2   | Found a staircase to the Shoals.
 15842 | Lair:2   | HP: 23/116 [cane toad (12)]
 16181 | Lair:2   | Noticed Harold
 16187 | Lair:2   | Killed Harold
 16538 | Lair:2   | Noticed Amaemon
 16544 | Lair:2   | Killed Amaemon
 17015 | Lair:2   | Reached XP level 14. HP: 118/124 MP: 20/20
 18309 | Lair:3   | Found a staircase to the Snake Pit.
 18365 | Lair:3   | Noticed Rupert
 18373 | Lair:3   | Noticed Rupert
 18373 | Lair:3   | Rupert changed into Rupert the alligator snapping turtle
 18381 | Lair:3   | Killed Rupert the alligator snapping turtle
 18382 | Lair:3   | Reached skill level 10 in Invocations
 19028 | Lair:3   | Found a runed translucent door.
 19198 | Lair:4   | Noticed Josephine
 19215 | Lair:4   | Killed Josephine
 19431 | Lair:4   | Noticed Kirke
 19447 | Lair:4   | Killed Kirke
 20187 | Lair:5   | Entered Level 5 of the Lair of Beasts
 20191 | Lair:5   | Found a runed translucent door.
 20191 | Lair:5   | Found a viscous altar of Jiyva.
 20291 | Lair:5   | Reached XP level 15. HP: 107/132 MP: 22/22
 21777 | Lair:5   | Found a corrupted altar of Lugonu.
 21777 | Lair:5   | Found a one-way gate to the infinite horrors of the Abyss.
 21923 | Lair:5   | Found a staircase to the Slime Pits.
 22501 | D:10     | Found a bloodstained altar of Trog.
 22582 | D:10     | Found a shimmering altar of Xom.
 22946 | D:10     | Identified the +1 scale mail of Fietom {rF+ Dex+4}
 23024 | D:10     | Found an opulent altar of Gozag.
 23866 | D:11     | Found an iron altar of Okawaru.
 24607 | D:12     | Identified the +3 great mace of Laceration {freeze, Will+}
 24934 | D:12     | Reached XP level 16. HP: 135/140 MP: 23/23
 25081 | D:12     | Found a radiant altar of Vehumet.
 25445 | D:12     | You fall into a shaft and drop 2 floors!
 26093 | D:12     | Noticed Nessos
 26098 | D:12     | Killed Nessos
 26301 | D:12     | Found Nuheatz's Magic Scroll Emporium.
 26308 | D:12     | Bought a scroll of acquirement for 624 gold pieces
 26308 | D:12     | Acquired a +10 spectral giant spiked club
 26314 | D:12     | Bought a scroll of identify for 24 gold pieces
 26394 | D:13     | Noticed Jorgrun
 26402 | D:13     | Killed Jorgrun
 26651 | D:13     | Found Bufimotroenk's Antique Armour Emporium.
 26652 | D:13     | Found Ryestruj's Magic Scroll Shoppe.
 26668 | D:13     | Found Zeukyu's Weapon Shoppe.
 26816 | D:13     | Found a gate to the Vaults.
 27028 | D:14     | Noticed Azrael
 27037 | D:14     | Killed Azrael
 28095 | D:15     | Entered Level 15 of the Dungeon
 29152 | D:15     | Found a staircase to the Depths.
 29178 | D:15     | Reached skill level 15 in Armour
 29178 | D:15     | Reached XP level 17. HP: 128/151 MP: 24/24
 29789 | D:15     | Upgraded the game from 0.30-a0-23-ge60ba3568b to
                  | 0.30-a0-40-gc6d0f036a7
 29961 | Snake:1  | Entered Level 1 of the Snake Pit
 30981 | Snake:1  | Upgraded the game from 0.30-a0-40-gc6d0f036a7 to
                  | 0.30-a0-42-g806c11bf1d
 32888 | Snake:3  | Reached skill level 1 in Shields
 32898 | Snake:3  | Found a flickering gateway to a bazaar.
 32915 | Bazaar   | Entered a bazaar
 32936 | Bazaar   | Found Dantul's Distillery.
 32952 | Bazaar   | Found Vidatheo's Armour Emporium.
 32952 | Bazaar   | Found Omimm's Distillery.
 32974 | Bazaar   | Found Ingeobeni's Weapon Emporium.
 32990 | Bazaar   | Found Aklon's Book Emporium.
 32990 | Bazaar   | Found Aniaf's Book Shoppe.
 33056 | Bazaar   | Bought a potion of heal wounds for 80 gold pieces
 33070 | Bazaar   | Bought a potion of resistance for 90 gold pieces
 33070 | Bazaar   | Bought a potion of cancellation for 72 gold pieces
 33084 | Bazaar   | Bought a potion of cancellation for 128 gold pieces
 33098 | Bazaar   | Bought a potion of curing for 27 gold pieces
 33098 | Bazaar   | Bought 2 potions of curing for 54 gold pieces
 33098 | Bazaar   | Bought a potion of curing for 27 gold pieces
 33098 | Bazaar   | Bought a potion of curing for 27 gold pieces
 33098 | Bazaar   | Bought 2 potions of curing for 54 gold pieces
 33112 | Bazaar   | Bought a potion of curing for 48 gold pieces
 33112 | Bazaar   | Bought a potion of curing for 48 gold pieces
 33619 | Snake:3  | Reached skill level 5 in Shields
 33873 | Snake:3  | Noticed Aizul
 34192 | Snake:3  | Reached XP level 18. HP: 47/160 MP: 14/25
 34752 | Snake:3  | Killed Aizul
 34862 | Snake:3  | Found a transporter.
 34866 | Snake:3  | Noticed pigah's ghost (adept OpAE)
 35069 | Snake:3  | Found a transporter.
 35096 | Snake:3  | Found Dump's Book Boutique.
 35099 | Snake:3  | Found Paarucafab's Jewellery Shoppe.
 35100 | Snake:3  | Found Vihorioz's Book Boutique.
 35333 | Snake:3  | Killed pigah's ghost
 35549 | Snake:4  | Entered Level 4 of the Snake Pit
 35558 | Snake:4  | Reached skill level 10 in Shields
 36083 | Snake:4  | Noticed Nikola
 36102 | Snake:4  | Killed Nikola
 36740 | Snake:4  | Reached skill level 15 in Shields
 37529 | Snake:4  | Reached XP level 19. HP: 138/166 MP: 26/26
 37739 | Snake:4  | Got a serpentine rune of Zot
 37929 | Shoals:1 | Entered Level 1 of the Shoals
 37929 | Shoals:1 | Found Huqe's General Store.
 37931 | Shoals:1 | Identified Roxanne's Incunabulum of Shapeshifting
 37931 | Shoals:1 | Noticed Roxanne
 38627 | Shoals:1 | Reached skill level 5 in Stealth
 38799 | Shoals:1 | Found a hide-covered altar of Uskayaw.
 39547 | Shoals:1 | Killed Roxanne
 39551 | Shoals:1 | Upgraded the game from 0.30-a0-42-g806c11bf1d to
                  | 0.30-a0-43-gbbf338a72c
 40848 | Shoals:3 | Found Odwot's Distillery.
 41148 | Shoals:3 | Noticed Ilsuiw
 41169 | Shoals:2 | Killed Ilsuiw
 41529 | Shoals:3 | Bought 2 potions of heal wounds for 190 gold pieces
 41529 | Shoals:3 | Upgraded the game from 0.30-a0-43-gbbf338a72c to
                  | 0.30-a0-46-g5a63ccc183
 41707 | Shoals:3 | Identified the +2 ring mail of Follow the Leader {Rampage
                  | rCorr}
 41719 | Shoals:3 | Reached skill level 10 in Stealth
 41741 | Shoals:3 | Noticed Bai Suzhen
 41755 | Shoals:3 | Killed Bai Suzhen
 42281 | Shoals:4 | Entered Level 4 of the Shoals
 42474 | Shoals:4 | Reached XP level 20. HP: 134/174 MP: 27/27
 42628 | Shoals:4 | Found a runed translucent door.
 42629 | Shoals:4 | Noticed Brotato's ghost (adept SpBr)
 42785 | Shoals:4 | Got a barnacled rune of Zot
 43071 | Shoals:4 | Identified the +4 eveningstar of Ointment {speed, *Corrode
                  | Int+6 Stlth-}
 43669 | Shoals:4 | Noticed Polyphemus
 43690 | Shoals:4 | Killed Polyphemus
 44445 | Shoals:4 | Killed Brotato's ghost
 44633 | Lair:3   | Found a runed translucent gate.
 44633 | Lair:3   | Found a runed translucent gate.
 44633 | Lair:3   | Found a runed translucent gate.
 44633 | Lair:3   | Found a runed translucent gate.
 44634 | Lair:3   | Found a runed translucent gate.
 44635 | Lair:3   | Found a runed translucent gate.
 45204 | Elf:1    | Entered Level 1 of the Elven Halls
 45226 | Elf:1    | Reached skill level 1 in Evocations
 45228 | Elf:1    | Reached skill level 1 in Throwing
 45231 | Elf:1    | Reached skill level 1 in Spellcasting
 46757 | Elf:2    | Found Engor's Weapon Emporium.
 46832 | Elf:2    | Reached XP level 21. HP: 139/180 MP: 28/28
 46842 | Elf:2    | Found a magical portal.
 46857 | WizLab   | Entered Eringya's Formal Garden
 47161 | WizLab   | Got the Directory of the Elliptic Grave
 47283 | WizLab   | Reached skill level 5 in Evocations
 47459 | WizLab   | Reached skill level 5 in Spellcasting
 47472 | WizLab   | Reached skill level 5 in Throwing
 47639 | WizLab   | Reached XP level 22. HP: 187/187 MP: 29/29
 47836 | WizLab   | Found a blossoming altar of Fedhas.
 48522 | Elf:2    | Found a runed translucent gate.
 48522 | Elf:2    | Found a runed translucent gate.
 48523 | Elf:2    | Found a runed translucent gate.
 49275 | Elf:3    | Entered Level 3 of the Elven Halls
 50528 | Elf:3    | Identified the +6 war axe of Disintegration {freeze,
                  | Fragile rPois rC++ rCorr}
 50967 | Elf:3    | Identified the amulet "Fepymul" {Faith -Tele MP-9 Str+4
                  | Int+7}
 51155 | Elf:3    | Reached XP level 23. HP: 192/193 MP: 30/30
 51684 | Elf:3    | Identified the +7 hand axe of Strategic Superiority
                  | {vorpal, rPois rN+}
 51776 | Elf:3    | Identified the ring "Yskurr" {rF+ Str+6 Dex+4}
 51798 | Elf:3    | Identified the +2 quick blade of Dishonesty {vorpal, rCorr
                  | Str+6}
 51819 | Elf:3    | Identified the +7 battleaxe "Xoitemuy" {freeze, +Blink
                  | Dex+3 Stlth+}
 51831 | Elf:3    | Acquired 549 gold pieces
 52267 | Vaults:1 | Entered Level 1 of the Vaults
 52518 | Vaults:1 | Found Xyprutisch's Book Boutique.
 54758 | Vaults:2 | Found a runed translucent door.
 54758 | Vaults:2 | Noticed Boczeze's ghost (adept SpHu)
 55332 | Vaults:2 | Reached skill level 5 in Dodging
 55613 | Vaults:2 | Identified the +5 ring mail "Zipner" {*Corrode rElec rN+}
 55685 | Vaults:2 | Found Kyirchaz's Magic Scroll Shoppe.
 56349 | Vaults:2 | Killed Boczeze's ghost
 56463 | Vaults:2 | Acquired a manual of Transmutations
 56468 | Vaults:2 | Learned a level 2 spell: Wereblood
 56514 | Vaults:3 | Noticed Xtahua
 56525 | Vaults:3 | Killed Xtahua
 56539 | Vaults:3 | Reached skill level 1 in Transmutations
 56687 | Vaults:3 | Found a huge runed gate.
 56687 | Vaults:3 | Found a huge runed gate.
 56687 | Vaults:3 | Found a huge runed gate.
 56687 | Vaults:3 | Found a huge runed gate.
 56687 | Vaults:3 | Found a huge runed gate.
 56687 | Vaults:3 | Found a huge runed gate.
 56688 | Vaults:3 | Found a huge runed gate.
 56688 | Vaults:3 | Found a huge runed gate.
 56688 | Vaults:3 | Found a huge runed gate.
 56688 | Vaults:3 | Found a huge runed gate.
 56691 | Vaults:3 | Found a huge runed gate.
 56691 | Vaults:3 | Found a huge runed gate.
 56691 | Vaults:3 | Found a huge runed gate.
 56691 | Vaults:3 | Found a huge runed gate.
 56691 | Vaults:3 | Found a huge runed gate.
 56691 | Vaults:3 | Found a huge runed gate.
 56692 | Vaults:3 | Found a huge runed gate.
 56693 | Vaults:3 | Found a huge runed gate.
 56694 | Vaults:3 | Found a huge runed gate.
 56712 | Vaults:3 | Reached XP level 24. HP: 147/203 MP: 28/30
 56867 | Vaults:3 | Found a huge runed gate.
 56867 | Vaults:3 | Found a huge runed gate.
 56867 | Vaults:3 | Found a huge runed gate.
 56867 | Vaults:3 | Found a huge runed gate.
 56867 | Vaults:3 | Found a huge runed gate.
 56867 | Vaults:3 | Found a huge runed gate.
 56867 | Vaults:3 | Found a huge runed gate.
 56875 | Vaults:3 | Found a huge runed gate.
 56876 | Vaults:3 | Found a huge runed gate.
 56884 | Vaults:3 | Found a huge runed gate.
 56884 | Vaults:3 | Found a huge runed gate.
 56884 | Vaults:3 | Found a huge runed gate.
 56884 | Vaults:3 | Found a huge runed gate.
 56884 | Vaults:3 | Found a huge runed gate.
 56884 | Vaults:3 | Found a huge runed gate.
 56885 | Vaults:3 | Found a huge runed gate.
 56886 | Vaults:3 | Found a huge runed gate.
 56946 | Vaults:3 | Found a staircase to the Crypt.
 56946 | Vaults:3 | Found an ancient bone altar of Kikubaaqudgha.
 56946 | Vaults:3 | Found a basalt altar of Yredelemnul.
 58452 | Vaults:3 | Reached skill level 5 in Transmutations
 58461 | Vaults:3 | HP: 29/196 [hellephant (10)]
 58469 | Vaults:3 | HP: 32/191 [hell knight/bolt of fire (1)]
 59446 | Vaults:4 | Found a crumbling gateway.
 59471 | Desolati | Entered the Desolation of Salt
 59790 | Desolati | Learned a level 2 spell: Passwall
 59794 | Desolati | Learned a level 3 spell: Ignite Poison
 59804 | Desolati | Identified the ring "Nops" {rC++ Will+ MP+9 Str+2 Slay-5}
 59809 | Desolati | Identified the ring of Wishful Thinking {rElec SInv}
 59822 | Desolati | Identified the amulet of Irghadin {Faith Harm rC++ Regen+
                  | Str-3 Dex+3}
 59997 | Desolati | Got the Anthology of Mutated Vapour
 59999 | Desolati | Got the Vellum of Incendiary Unholy Deeds
 60003 | Desolati | Got the Handbook of the Welkin
 60337 | Desolati | Identified the +8 short sword of the Visionary {spect, Fly}
 60366 | Desolati | Identified the +9 ring mail "Husty" {rElec rC+ rN+++ Dex-5}
 60720 | Vaults:4 | Reached skill level 1 in Earth Magic
 60745 | Vaults:4 | Reached XP level 25. HP: 154/210 MP: 30/30
 61716 | Vaults:4 | Found a portal to a secret trove of treasure.
 61832 | Vaults:4 | Reached skill level 5 in Earth Magic
 62486 | Vaults:4 | You paid a toll of a +5 demon trident to enter a treasure
                  | trove
 62487 | Trove    | Entered a treasure trove
 62509 | Trove    | Got Sif Muna's Secrets of Stony Pollution
 62526 | Trove    | Got Caneikh's Exposition on Terra Firma and Pollution
 62567 | Vaults:4 | Learned a level 3 spell: Tukima's Dance
 62573 | Vaults:4 | Learned a level 5 spell: Yara's Violent Unravelling
 63017 | Vaults:4 | Learned a level 4 spell: Leda's Liquefaction
 63082 | Crypt:1  | Entered Level 1 of the Crypt
 63159 | Crypt:1  | Reached skill level 1 in Hexes
 63159 | Crypt:1  | Reached skill level 10 in Transmutations
 64538 | Crypt:1  | Reached skill level 5 in Hexes
 65025 | Crypt:2  | HP: 36/210 [flayed ghost/flay_damage (10)]
 65509 | Crypt:2  | Noticed Mennas
 65528 | Crypt:3  | Entered Level 3 of the Crypt
 65674 | Crypt:3  | Noticed Margery
 65691 | Crypt:3  | Killed Margery
 65706 | Crypt:3  | Reached skill level 10 in Earth Magic
 65948 | Crypt:2  | Killed Mennas
 66636 | Crypt:2  | Found an ancient bone altar of Kikubaaqudgha.
 66745 | Crypt:2  | Reached XP level 26. HP: 218/218 MP: 30/30
 66828 | Crypt:2  | Identified the +9 quarterstaff of the Sharing Stork {elec,
                  | rF+ Will+ rCorr Str-3}
 67257 | Crypt:3  | Reached skill level 10 in Hexes
 67711 | Crypt:3  | Found an ancient bone altar of Kikubaaqudgha.
 68102 | Crypt:3  | Identified the +3 mace of Valour {antimagic, +Blink}
 68104 | Crypt:3  | Noticed a dread lich
 68116 | Crypt:3  | Killed a dread lich
 68148 | Crypt:3  | Got the Compendium of Misery
 68650 | Crypt:3  | Found a staircase to the Tomb.
 68859 | Crypt:3  | Identified the amulet "Osel Qau" {Regen+ Str+4}
 68859 | Crypt:3  | Identified the ring of Balance {rElec rPois rN+}
 70391 | Depths:1 | Entered Level 1 of the Depths
 70391 | Depths:1 | Found a hide-covered altar of Uskayaw.
 70591 | Depths:1 | Reached skill level 15 in Transmutations
 70748 | Depths:1 | You fall into a shaft and drop 1 floor!
 71574 | Depths:1 | Found a gateway to Hell.
 71711 | Depths:2 | Found a one-way gate leading to the halls of Pandemonium.
 71732 | Depths:2 | Found a glowing golden altar of the Shining One.
 71878 | Depths:2 | Found a one-way gateway to a ziggurat.
 72250 | Depths:2 | Reached skill level 15 in Earth Magic
 72411 | Depths:2 | Reached XP level 27. HP: 198/224 MP: 30/30
 73094 | Depths:3 | Noticed Parghit
 73099 | Depths:3 | Noticed Louise
 73136 | Depths:2 | Killed Parghit
 73163 | Depths:3 | Found a flickering gateway to a bazaar.
 73171 | Depths:3 | Noticed a juggernaut
 73177 | Depths:3 | Killed a juggernaut
 73182 | Depths:3 | Killed Louise
 73203 | Bazaar   | Entered a bazaar
 73405 | Bazaar   | Found Riciacai's Antique Weapon Emporium.
 73421 | Bazaar   | Found Opruilet's Magic Scroll Shoppe.
 73421 | Bazaar   | Found Fiaz's Antique Armour Emporium.
 73443 | Bazaar   | Found Xypomp's Antique Weapon Emporium.
 73496 | Bazaar   | Bought a scroll of silence for 152 gold pieces
 73496 | Bazaar   | Bought a scroll of summoning for 152 gold pieces
 73496 | Bazaar   | Bought a scroll of magic mapping for 120 gold pieces
 73733 | Depths:3 | Identified the ring "Kyv Xuika" {rN+ rCorr Int+4}
 73761 | Depths:3 | Reached skill level 15 in Hexes
 74549 | Depths:3 | Identified the +7 mace of Destruction {vorpal, Str+3 SInv}
 74561 | Depths:3 | Noticed Frederick
 74583 | Depths:3 | Killed Frederick
 74655 | Depths:3 | Learned a level 5 spell: Borgnjor's Vile Clutch
 74757 | Depths:3 | Reached skill level 1 in Necromancy
 74775 | Depths:3 | Found Idulesij's Assorted Antiques.
 74778 | Depths:3 | Bought a pair of fading boots for 361 gold pieces
 74778 | Depths:3 | Identified the +0 pair of boots of Sif Muna's Approval
                  | {+Inv Regen+ Dex-2} (You bought it in a shop on level 3 of
                  | the Depths)
 74791 | Depths:3 | Bought a pair of runed gloves for 285 gold pieces
 74958 | Depths:3 | Noticed a juggernaut
 74968 | Depths:3 | Killed a juggernaut
 75447 | Depths:4 | Entered Level 4 of the Depths
 75639 | Depths:4 | Reached skill level 5 in Necromancy
 75687 | Depths:4 | Noticed Jory
 75700 | Depths:4 | Killed Jory
 75827 | Depths:4 | Found a sparkling altar of Nemelex Xobeh.
 75851 | Depths:4 | Found a stormy altar of Qazlal.
 75941 | Depths:4 | Got the Precepts of the Summer
 76262 | Depths:4 | Found a gate to the Realm of Zot.
 77187 | Vaults:5 | Entered Level 5 of the Vaults
 77292 | Vaults:5 | Noticed a dread lich
 77308 | Vaults:5 | Identified the +7 triple sword "Vurghusus" {venom, MP+9}
 77316 | Vaults:5 | Killed a dread lich
 77328 | Vaults:5 | Reached skill level 15 in Necromancy
 77342 | Vaults:5 | HP: 28/208 [shadow dragon/bolt of negative energy (29)]
 77342 | Vaults:5 | HP: 13/208 [fire giant/+2 great sword of flaming (1)]
 77757 | Vaults:5 | Identified the +5 scale mail of the Shore {rF- Regen+ Str+4
                  | Int+2}
 77797 | Vaults:5 | Found Jyett's Weapon Boutique.
 77913 | Vaults:5 | Identified the ring "Tiguthriu" {rC++ MP+9 Dex-2}
 78141 | Vaults:5 | Identified the +4 scale mail "Guutwe" {Harm rCorr Slay+2}
 78164 | Vaults:5 | Got a silver rune of Zot
 78892 | Vaults:5 | Noticed a dread lich
 78899 | Vaults:5 | Killed a dread lich
 79224 | D:15     | Learned a level 5 spell: Lee's Rapid Deconstruction
 79409 | Slime:1  | Entered Level 1 of the Pits of Slime
 79412 | Slime:1  | You fall into a shaft and drop 1 floor!
 80209 | Slime:5  | Entered Level 5 of the Pits of Slime
 80273 | Slime:5  | Gained mutation: Your flesh is heat resistant. (rF+) [a
                  | shining eye]
 80323 | Slime:5  | Noticed the Royal Jelly
 80332 | Slime:5  | Killed the Royal Jelly
 80343 | Slime:5  | HP: 41/226 [rockslime[the Royal Jelly] (17)]
 80349 | Slime:5  | HP: 24/226 [cloud of flame (1)]
 80357 | Slime:5  | HP: 12/226 [rockslime[the Royal Jelly] (23)]
 80358 | Slime:5  | Mangled by a rockslime

Illustrated notes

Levels and vault maps discovered:
D:1:      elethiomel_arrival_quiet, layout_loops_ring, minmay_misc_feat_chi
D:2:      layout_basic, basic_altar
D:3:      layout_rooms, chequers_serial_rivers_large_a
D:4:      layout_loops_ring, serial_shops, shop_fountains
D:5:      layout_basic, minmay_temple_entry_mini_moons,
          nicolae_shop_unique_rings, uniq_eustachio, uniq_edmund, uniq_menkaure
D:6:      layout_basic, nicolae_qazlal_scattered_showers, gup_sewer_entry_bowl
D:7:      layout_layer_cave, mainiacjoe_overflow_brackets, nicolae_eternal_life,
          uniq_crazy_yiuf_cottage
D:8:      layout_rooms, dk_yredelemnul_ordeal, lair_entry_dummy,
          nicolae_ossuary_entry_giza, gammafunk_ghost_smash, uniq_pikel
D:9:      layout_small_grid, erik_orc_2, serial_shops, shop_statue, shop,
          kennysheep_mini, shop, nicolae_shop_self_help
D:10:     wad_woods_structure_01, layout_basic, grunt_gozag_statues,
          overflow_temple_1_default, lemuel_tele_altar,
          onia_ninara_dug_in_and_dangerous
D:11:     layout_gridville, kennysheep_okawaru_gauntlet
D:12:     layout_stronghold, serial_shops, nicolae_lakefront_shop,
          vehumet_crystals, uniq_nessos
D:13:     layout_rooms, ximxim_vaults_locker_room, serial_shops,
          nicolae_shop_waterfront, nicolae_shop_bloodbath_and_beyond,
          nicolae_shop_window_shopping, uniq_jorgrun
D:14:     dragon1_lemuel, layout_long_grid, dreamdust_wishing_well,
          library_closet, uniq_azrael
D:15:     hangedman_depths_entry_try_elsewhere_first, layout_basic,
          chequers_serial_rivers_micro_d, minmay_misc_feat_more_columns,
          st_stairs_8, dk_noncrumbling_4, small_chamber_with_monster
Temple:   eino_temple_scatter_basement
Lair:1:   layout_gridlike, basic_altar, serial_rivers,
          chequers_serial_rivers_small_b, chequers_serial_rivers_micro_b,
          chequers_serial_rivers_micro_a, chequers_serial_rivers_micro_c,
          chequers_serial_rivers_room_a, chequers_serial_rivers_micro_d,
          nzn_sisyphean_effort, uniq_joseph, uniq_sonja
Lair:2:   layout_hall_layers, minmay_shoals_entry_centaurs,
          minmay_shattered_shrine, uniq_harold, uniq_amaemon
Lair:3:   gammafunk_indiana_jones, layout_cave_pods,
          guppyfry_snake_entry_garden, fungi_pond_lemuel, lemuel_fruit_fields,
          uniq_rupert
Lair:4:   layout_cave_shapes, beast_lair_carwin_8, grunt_megastairs_5,
          serial_bayou_shore_b, uniq_josephine, uniq_kirke
Lair:5:   hellmonk_lair_end_abyssal_woods, layout_hall_layers, slime_entry_2,
          chequers_serial_rivers_room_b, st_stairs_12
Shoals:1: layout_shoals, serial_shops, shop_statue, regret_index_shoals_crete,
          uniq_roxanne
Shoals:2: layout_shoals, hangedman_shoal_volcano
Shoals:3: layout_shoals, serial_shops, nicolae_diamond_shop, uniq_ilsuiw,
          uniq_bai_suzhen
Shoals:4: shoals_end_simple, layout_shoals, ebering_ghost_inner_flame,
          nicolae_shoals_cliffside_cave, uniq_polyphemus
Snake:1:  layout_concentric_octagons
Snake:2:  layout_concentric_octagons
Snake:3:  nicolae_aizul_guard, layout_onion, gammafunk_ghost_arena,
          serial_shops, bzr_entry_safe, st_stairs_11, minmay_shop_grove
Snake:4:  grunt_snake_rune_serpentine_throne, layout_misc_corridors, uniq_nikola
Slime:1:  layout_caves
Slime:2:  layout_caves, cheibrodos_slime_lost_civilization_6
Slime:3:  layout_caves, nicolae_slime_phagocytosis
Slime:4:  cheibrodos_slime_lost_civilization_8, layout_caves
Slime:5
Orc:1:    layout_caves, serial_shops, nicolae_shop_advertising_works
          [nicolae_subvault_shop_adworks], basic_altar
Orc:2:    st_orc_town, layout_diamond_mine
Elf:1:    minmay_elf_arrival_summoners, layout_gridlike,
          minmay_elf_crystal_hexagon, hangedman_corner_corridor
Elf:2:    elven_hall_of_blades_hangedman_original
          [nicolae_blade_entry_crossed_weapons], layout_geoelf_diagonals,
          serial_shops, shop, mu_enter_wizlab_5, drop_trap
Elf:3:    minmay_elf_hall, layout_geoelf_castle
Vaults:1: v_misc_18, ontoclasm_vaults_idyll, vaults_dpeg_doors,
          vaults_room_grid, nicolae_vaults_angled_halls,
          hangedman_vaults_stream, nicolae_vaults_little_squares_3,
          vaults_room_pools, dpeg_vaults_monster_box, layout_vaults_quadrants,
          serial_shops, shop_statue
Vaults:2: gammafunk_ghost_grave, ontoclasm_vaults_pinch,
          ontoclasm_vaults_hangar, ontoclasm_vaults_claustrophobia, st_cells,
          vaults_dpeg_hooks, nicolae_vaults_border_crossing,
          ontoclasm_vaults_loading_screen, vaults_room_door_hall, v_misc_19,
          ontoclasm_vaults_loading_screen, ontoclasm_vaults_fault,
          layout_vaults_chaotic_city, serial_shops, shop
Vaults:3: hangedman_vaults_stretched_pinwheel, not_door_vault_due, v_misc_5,
          nicolae_vaults_circle_grid_a, grunt_vaults_trifunnel,
          grunt_vaults_funnel, minmay_crypt_entry_necro_gods,
          vaults_standard_mumra_x, ontoclasm_vaults_loading_screen,
          nicolae_vaults_theta, grunt_vaults_focal,
          nicolae_vaults_sealed_display, vaults_dpeg_ring,
          nicolae_vaults_bisected_slash, layout_vaults_ring, uniq_xtahua
Vaults:4: portal_desolation_entry_ruin, grunt_vaults_bifocal, v_alt_pattern_3,
          ontoclasm_vaults_shuriken, vaults_standard_mumra_lines, v_misc_22,
          nicolae_vaults_little_squares_3, grunt_vaults_hallway_short,
          nicolae_vaults_little_squares_3, vaults_mumra_hexcomb,
          layout_vaults_omnicross, nicolae_trove_entry_columns
Vaults:5: serial_shops
Crypt:1:  layout_misc_corridors, st_vampire_maze
Crypt:2:  cheibrodos_crypt_eye_of_stone, layout_misc_corridors, uniq_mennas
Crypt:3:  evilmike_haunted_forest, uniq_margery
Depths:1: layout_basic, hell_entry, kennysheep_small_spiral,
          hangedman_abyss_or_decor_jellyfish_corner, grunt_ministairs_8,
          nicolae_uskayaw_murder_on_the_dancefloor
Depths:2: dreamdust_merry_men, layout_gridlike, enter_ziggurat_b,
          hangedman_geh_valley, nicolae_tso_swordbearing_angel, pan_entry
Depths:3: nicolae_legendary_halls, layout_gridlike, serial_shops,
          bzr_entry_water, kennysheep_mini_moat, hell_entry, nrook_campfire,
          rand_demon_pan_entry_7, nicolae_abyss_entry_one_way_or_another,
          hangedman_decor_clover_reticule, chequers_serial_rivers_small_a,
          hangedman_cracks_in_the_wall, minmay_staircase_windowed_small,
          uniq_josephina, uniq_parghit, uniq_frederick
Depths:4: evilmike_zot_entry_diamond, layout_gridlike,
          nemelex_spade_bored_becter, abyss_entry, hell_entry,
          argonaut_fire_from_heaven, serial_bayou_shore_b, grunt_megastairs_2,
          uniq_jory

Skill      XL: |  1  2  3  4  5  6  7  8  9 10 11 12 13 14 15 16 17 18 19 20 21 22 23 24 25 26 27 |
---------------+----------------------------------------------------------------------------------+-----
Dodging        | 3 5 6 |  6.2
Armour         | 2 3 4 5 6 7 8 10 11 12 13 15 16 17 18 19 20 | 20.4
Stealth        | 3 10 13 16 20 21 22 | 22.0
Fighting       | 4 5 7 10 11 13 14 15 16 17 18 19 20 | 20.4
Maces & Flails | 4 6 7 9 11 12 14 15 17 18 19 20 21 22 | 22.5
Invocations    | 3 6 7 9 10 11 | 11.9
Shields        | 7 16 18 20 21 22 | 22.4
Evocations     | 4 5 7 8 9 |  9.2
Throwing       | 3 5 6 |  6.3
Spellcasting   | 3 5 |  5.0
Transmutations | 1 8 13 16 18 | 18.3
Earth Magic    | 2 11 15 20 | 20.0
Hexes          | 9 14 16 | 16.3
Necromancy     | 15 | 15.8

Action                   |  1- 3 |  4- 6 |  7- 9 | 10-12 | 13-15 | 16-18 | 19-21 | 22-24 | 25-27 || total
-------------------------+-------+-------+-------+-------+-------+-------+-------+-------+-------++-------
Melee: Mace              |    78 |   138 |       |       |       |       |       |       |       ||   216
       Punch             |       |     2 |       |       |       |       |       |       |       ||     2
       Giant spiked club |       |       |   138 |   321 |   593 |   329 |       |       |       ||  1381
       Great mace        |       |       |       |       |       |   292 |   710 |   939 |  1761 ||  3702
Throw: Stone             |     3 |     9 |       |       |       |       |       |       |       ||    12
       Dart              |       |       |       |       |       |     4 |     6 |       |     1 ||    11
       Boomerang         |       |       |       |       |       |       |       |     3 |     7 ||    10
       Javelin           |       |       |       |       |       |       |       |     1 |     1 ||     2
       Throwing net      |       |       |       |       |       |       |       |       |     5 ||     5
 Cast: Wereblood         |       |       |       |       |       |       |       |     1 |    13 ||    14
       Tukima's Dance    |       |       |       |       |       |       |       |       |    26 ||    26
       Yara's Violent Un |       |       |       |       |       |       |       |       |     4 ||     4
       Leda's Liquefacti |       |       |       |       |       |       |       |       |     1 ||     1
Invok: Shadow Step       |       |       |       |       |       |     1 |     5 |     3 |     8 ||    17
       Shadow Form       |       |       |       |       |       |       |       |     1 |       ||     1
 Abil: Dig               |       |     1 |       |     2 |     1 |       |       |       |       ||     4
Evoke: Wand              |       |       |       |    16 |    24 |    25 |    40 |    18 |    12 ||   135
       Lightning rod     |       |       |       |       |       |     8 |    12 |    15 |    16 ||    51
       Box of beasts     |       |       |       |       |       |       |     2 |     3 |     3 ||     8
       Condenser vane    |       |       |       |       |       |       |       |     3 |    11 ||    14
       Phantom mirror    |       |       |       |       |       |       |       |       |     2 ||     2
       Phial of floods   |       |       |       |       |       |       |       |       |     1 ||     1
  Use: Potion            |       |     2 |       |       |     1 |       |     2 |     1 |     9 ||    15
       Scroll            |       |    12 |    11 |     6 |     8 |     6 |     3 |     7 |    21 ||    74
 Stab: Sleeping          |     3 |       |       |       |       |       |    15 |    66 |    54 ||   138
       Distracted        |       |       |     1 |     2 |     8 |    17 |    26 |    34 |    63 ||   151
       Petrified         |       |       |       |       |       |     1 |       |       |       ||     1
       Invisible         |       |       |       |       |       |       |     1 |     1 |       ||     2
       Paralysed         |       |       |       |       |       |       |     1 |       |       ||     1
       Held in net/web   |       |       |       |       |       |       |       |       |     5 ||     5
Armor: Robe              |     4 |       |       |       |       |       |       |       |       ||     4
       Leather armour    |     8 |     5 |       |       |       |       |       |       |       ||    13
       Chain mail        |       |    58 |    45 |       |       |   125 |   177 |   190 |       ||   595
       Plate armour      |       |       |    22 |   143 |   316 |    53 |       |       |       ||   534
       Storm dragon scal |       |       |       |       |       |       |       |     6 |   166 ||   172
       Gold dragon scale |       |       |       |       |       |       |       |       |   312 ||   312
Dodge: Dodged            |    48 |    57 |    56 |    86 |   217 |   148 |   142 |   121 |   208 ||  1083
Block: Tower shield      |       |       |       |       |       |   182 |   735 |   925 |  1822 ||  3664

Table legend: (Time is in decaauts)
 A = Elapsed time spent in this place.
 B = Non-inter-level travel time spent in this place.
 C = Inter-level travel time spent in this place.
 D = Time resting spent in this place.
 E = Time spent auto-exploring this place.
 F = Levels seen in this place.
 G = Mean time per level.
                   A        B        C        D        E       F      G
               +--------+--------+--------+--------+--------+-----+--------+
         Total |  80232 |  71719 |   8513 |  19959 |  36804 |  58 | 1383.3 |
       Dungeon |  20427 |  17000 |   3427 |   3774 |  10297 |  15 | 1361.8 |
        Temple |    326 |    300 |     26 |      0 |    283 |   1 |  326.0 |
          Lair |   8360 |   7546 |    814 |   1991 |   4483 |   5 | 1672.0 |
        Shoals |   7048 |   6606 |    442 |   2336 |   2628 |   4 | 1762.0 |
     Snake Pit |   7652 |   7193 |    459 |   2799 |   3135 |   4 | 1913.0 |
    Slime Pits |    915 |    881 |     34 |    133 |    375 |   5 |  183.0 |
  Orcish Mines |   2595 |   2384 |    211 |    930 |    989 |   2 | 1297.5 |
   Elven Halls |   5804 |   5355 |    449 |   1944 |   1934 |   3 | 1934.7 |
        Vaults |  10858 |   9095 |   1763 |   2033 |   5372 |   5 | 2171.6 |
         Crypt |   6613 |   6362 |    251 |   2403 |   2641 |   3 | 2204.3 |
        Depths |   6097 |   5463 |    634 |    626 |   3596 |   4 | 1524.2 |
        Bazaar |    559 |    559 |      0 |      0 |    357 |   2 |  279.5 |
         Trove |     74 |     74 |      0 |      0 |     10 |   1 |   74.0 |
         Sewer |    583 |    583 |      0 |    240 |    148 |   1 |  583.0 |
       Ossuary |    183 |    183 |      0 |      0 |    108 |   1 |  183.0 |
        Wizlab |   1058 |   1058 |      0 |    397 |    298 |   1 | 1058.0 |
    Desolation |   1072 |   1072 |      0 |    351 |    149 |   1 | 1072.0 |
               +--------+--------+--------+--------+--------+-----+--------+

Top non-repeatable levels by time:
 Crypt:3: 3086 daAuts
Vaults:3: 2788 daAuts
   Elf:3: 2698 daAuts
 Snake:2: 2378 daAuts
Vaults:2: 2324 daAuts
Vaults:1: 2285 daAuts
Shoals:4: 2192 daAuts
  Lair:2: 2113 daAuts
 Snake:4: 2066 daAuts
Vaults:4: 2056 daAuts
   Orc:2: 1947 daAuts
Depths:3: 1932 daAuts
 Snake:3: 1931 daAuts
  Lair:5: 1925 daAuts
    D:12: 1912 daAuts
